 Dungeon Crawl Stone Soup version 0.20.1-1-g8b1a95d (console) character file.

36 bli the Skirmisher (level 3, 0/29 HPs)
             Began as a Demonspawn Monk on July 21, 2017.
             Was a Believer of Cheibriados.
             Succumbed to an adder's poison
             ... on level 2 of the Dungeon.
             The game lasted 00:05:08 (1958 turns).

bli the Skirmisher (Demonspawn Monk)                Turns: 1958, Time: 00:05:09

Health: 0/29       AC:  2    Str: 15    XL:     3   Next: 19%
Magic:  1/3        EV: 14    Int: 15    God:    Cheibriados [**....]
Gold:   195        SH:  0    Dex: 20    Spells: 2/2 levels left

rFire    . . .     SeeInvis .   f - -3 dire flail (curse)
rCold    . . .     Gourm    .   (shield currently unavailable)
rNeg     . . .     Faith    .   a - +0 robe
rPois    .         Spirit   +   (no helmet)
rElec    .         Reflect  .   (no cloak)
rCorr    .         Harm     .   (no gloves)
MR       .....                  (no boots)
Stlth    ++........             (no amulet)
Regen    0.1/turn               (no ring)
MPRegen  0.1/turn               (no ring)

@: lethally poisoned (0 -> -2), very slow
A: powered by pain 1, magic shield
a: Bend Time, Renounce Religion


You were on level 2 of the Dungeon.
You worshipped Cheibriados.
Cheibriados was pleased with you.
You were not hungry.

You visited 1 branch of the dungeon, and saw 2 of its levels.

You collected 195 gold pieces.

Inventory:

Hand Weapons
 f - a cursed -3 dire flail (weapon)
Missiles
 d - 67 stones (quivered)
Armour
 a - a +0 robe (worn)
Scrolls
 c - 3 scrolls of fog {unknown}
 e - a scroll of amnesia {unknown}
 h - a scroll of remove curse {unknown}
 i - a scroll of identify {unknown}
 j - a scroll of enchant weapon {unknown}
 k - a scroll of teleportation {unknown}
 m - a scroll of magic mapping {unknown}
Potions
 g - a potion of heal wounds {unknown}
 l - a potion of degeneration {unknown}
 n - 2 potions of cancellation {unknown}
 o - a potion of ambrosia {unknown}
Comestibles
 b - a bread ration


   Skills:
 * Level 3.6 Fighting
 + Level 2.9 Dodging
 + Level 2.0 Stealth
 + Level 3.1 Unarmed Combat


You had 2 spell levels left.
You didn't know any spells.

Dungeon Overview and Level Annotations

Branches:
Dungeon (2/15)

Altars:
Cheibriados


Innate Abilities, Weirdness & Mutations

You sometimes gain a little power by taking damage.
When hurt, damage is shared between your health and your magic reserves.


Message History

You closely miss the adder.
The adder is almost dead.
The adder misses you. The adder bites you.
* * * LOW HITPOINT WARNING * * *
You closely miss the adder.
The adder is almost dead.
* * * LOW HITPOINT WARNING * * *
You feel sick. The adder closely misses you.
You miss the adder.
The adder is almost dead.
The adder closely misses you. The adder misses you.
You barely miss the adder.
The adder is almost dead.
The adder closely misses you. The adder misses you.
You barely miss the adder.
The adder is almost dead.
The adder misses you.
You closely miss the adder.
The adder is almost dead.
You die...

### ..# #.# #
#.# ###.#..
#...#.# #....S#
#@#### #....#
####.# #.#
##.#####
#......#
#......########
#.............#
#......##..#.##
#.......#..#†#
#..........#.#


You could see an adder.

Vanquished Creatures
  A worm (D:2)
  A dart slug (D:2)
  A leopard gecko (D:1)
  3 bats
  A giant cockroach (D:1)
  4 goblins
  3 hobgoblins (D:1)
  4 jackals (D:2)
  6 kobolds
  A quokka (D:2)
  3 rats
28 creatures vanquished.

Notes
Turn   | Place    | Note
-------+----------+-------------------------------------------
     0 | D:1      | bli the Demonspawn Monk began the quest for the Orb.
     0 | D:1      | Reached XP level 1. HP: 18/18 MP: 1/1
   467 | D:1      | Gained mutation: When hurt, damage is shared between your health and your magic reserves. [demonic ancestry]
   467 | D:1      | Reached XP level 2. HP: 13/24 MP: 2/2
  1529 | D:2      | Found a snail-covered altar of Cheibriados.
  1550 | D:2      | Became a worshipper of Cheibriados the Contemplative
  1550 | D:2      | Reached * piety under Cheibriados
  1550 | D:2      | Reached ** piety under Cheibriados
  1611 | D:2      | Gained mutation: You sometimes gain a little power by taking damage. [demonic ancestry]
  1611 | D:2      | Reached XP level 3. HP: 24/29 MP: 3/3
  1953 | D:2      | HP: 1/29 [adder (4)]
  1958 | D:2      | Succumbed to an adder's poison

Skill      XL: |  1  2  3 |
---------------+----------+-----
Unarmed Combat | 3 |  3.1
Stealth        | 2 |  2.0
Fighting       | |  3.6
Dodging        | |  2.9

Action                   || total
-------------------------++-------
Melee: Unarmed           ||    44
       Punch             ||     1
       Dire flail        ||    97
 Stab: Sleeping          ||     3
  Eat: Chunk             ||     3
Armor: Robe              ||    18
Dodge: Dodged            ||   122
